 Seeded DCSS version 0.30.1-9-gdf580d7c3d (webtiles) character file.

Game seed: 7229806256980976716 (custom seed)

105 Psyclone the Digger (level 5, 38/38 HPs)
             Began as a Meteoran Earth Elementalist on Oct 16, 2023.
             Quit the game on level 2 of the Dungeon.
             The game lasted 00:02:53 (932 turns).

Psyclone the Digger (Meteoran Earth Elementalist)    Turns: 932, Time: 00:02:54

Health: 38/38      AC:  4    Str:  9    XL:     5   Next: 31%
Magic:  12/12      EV: 12    Int: 19    God:
Gold:   3797       SH:  0    Dex: 14    Spells: 11/12 levels left

rFire   . . .        (no weapon)
rCold   . . .        (no shield)
rNeg    . . .        a - +0 robe
rPois   +            (no helmet)
rElec   .            (no cloak)
rCorr   .            (no gloves)
SInv    .            (no boots)
Will    .....        (no amulet)
Stlth   +            (no ring)
HPRegen 0.26/turn    (no ring)
MPRegen 0.13/turn

%: clarity
@: glowing
A: sense surroundings 1, otherworldly, glowing, explore regen, iridescent scales
1, clarity, poison resistance, wild magic 1, evolution 1, MP-powered wands
a: no special abilities


You were on level 2 of the Dungeon.
You visited 1 branch of the dungeon, and saw 2 of its levels.

You collected 3797 gold pieces.

Inventory:

Missiles
 d - a throwing net {!f}
Armour
 a - a +0 robe (worn)
Scrolls
 c - 2 scrolls of amnesia {unknown}
 e - a scroll of identify {unknown}
 f - a scroll of blinking {unknown}
 h - a scroll of enchant armour {unknown}
Potions
 b - a potion of magic
 g - a potion of might {unknown}


   Skills:
 - Level 2.4 Dodging
 - Level 1.4 Stealth
 * Level 4.2 Spellcasting
 + Level 2.5 Transmutations
 * Level 5.0 Earth Magic


You had 11 spell levels left.
You knew the following spells:

 Your Spells              Type           Power      Damage    Failure   Level
a - Sandblast             Erth           60%        2d14      3%          1

Your spell library contained the following spells:

 Spells                   Type           Power      Damage    Failure   Level
 Passwall                 Tmut/Erth      19%        N/A       7%          2
 Stone Arrow              Conj/Erth      34%        3d9       21%         3
 Petrify                  Tmut/Erth      23%        N/A       36%         4


Dungeon Overview and Level Annotations

Branches:
Dungeon (2/15) Zot: 244

Altars:


Innate Abilities, Weirdness & Mutations

You passively map a small area around you.
You are easily found by Zot.
You glow in the dark.
You regain HP and MP as you explore.
You are partially covered in iridescent scales. (AC +2)
You possess an exceptional clarity of mind.
Your system is resistant to poisons. (rPois)
Your spells are a little harder to cast, but a little more powerful.
You have hidden genetic potential.
You expend magic power (3 MP) to strengthen your wands.


Message History

Aim: an adder (72% to hit)
The blast of sand hits the adder!
The adder is severely wounded.
The adder barely misses you.
Casting: Sandblast (safe; 3% risk of failure)
Confirm with . or Enter, or press ? or * to list all spells.
Aiming: Sandblast (safe; 3% risk of failure)
Press: ? - help, Shift-Dir - straight line, f/p - adder
Aim: an adder (severely wounded, 72% to hit)
The blast of sand hits the adder!
You kill the adder!
Your Earth Magic skill increases to level 5!
You now have 11/12 mp.
You open the door.
There is an open door here.
You see here a +0 plate armour.
There is an open door here.
A quokka comes into view.
The quokka moves out of view.
MP restored: 12 You open the door.
There is an open door here.
A quokka is nearby!
A quokka is nearby!
Casting: Sandblast (safe; 3% risk of failure)
Confirm with . or Enter, or press ? or * to list all spells.
Aiming: Sandblast (safe; 3% risk of failure)
Press: ? - help, Shift-Dir - straight line, f - quokka
Aim: a quokka (78% to hit)
The blast of sand hits the quokka!
You kill the quokka!
There is a stone staircase leading down here.
You see here an inky potion.
Found a book of Vapours.
Done exploring.
Done exploring.
Search for what [? for help]? .
Unknown command.
Unknown command.
Are you sure you want to abandon this character and quit the game? (Confirm with "yes".)

### ############ #..
#..........# #.. ######
#.<).......# #.. #....#
#..........####..
#....###................
#..:.#.................#
#....+.@...............#
#....#.................#
##....#...........#.#####
#.........>######.#.#####
#....#######....#........
#....#.......##..........
#....#.......#...........
#....#.........#....#####
#....##...####.#..### #.


There were no monsters in sight!

Vanquished Creatures
  A jelly (D:2)
  4 adders (D:2)
  2 worms (D:2)
  5 ball pythons
  2 bats
  2 endoplasms (D:2)
  A giant cockroach (D:1)
  4 hobgoblins
  6 jackals (D:2)
  2 quokkas
  A frilled lizard (D:1)
  A goblin (D:2)
  3 rats
34 creatures vanquished.

Notes
Turn   | Place    | Note
-------+----------+-------------------------------------------
     0 | D:1      | Psyclone the Meteoran Earth Elementalist began the quest
                  | for the Orb.
     0 | D:1      | Reached XP level 1. HP: 14/14 MP: 5/5
    64 | D:1      | Identified 3 scrolls of acquirement
    64 | D:1      | Acquired 1248 gold pieces
    65 | D:1      | Acquired 1275 gold pieces
    88 | D:1      | Acquired 1252 gold pieces
   159 | D:1      | Reached XP level 2. HP: 20/20 MP: 3/6
   193 | D:1      | Gained mutation: You are partially covered in iridescent
                  | scales. (AC +2) [potion of mutation]
   193 | D:1      | Gained mutation: You expend magic power (3 MP) to
                  | strengthen your wands. [potion of mutation]
   193 | D:1      | Gained mutation: You have hidden genetic potential. [potion
                  | of mutation]
   193 | D:1      | Gained mutation: You have great hidden genetic potential.
                  | [potion of mutation]
   304 | D:2      | Reached skill level 4 in Earth Magic
   342 | D:2      | Reached XP level 3. HP: 24/26 MP: 5/8
   358 | D:2      | Gained mutation: Your system is resistant to poisons.
                  | (rPois) [hidden potential]
   376 | D:2      | Reached XP level 4. HP: 27/33 MP: 8/10
   408 | D:2      | Gained mutation: You possess an exceptional clarity of
                  | mind. [hidden potential]
   408 | D:2      | Lost mutation: You have great hidden genetic potential.
                  | [hidden potential expressed]
   444 | D:2      | Reached XP level 5. HP: 29/38 MP: 8/12
   499 | D:2      | Gained mutation: Your spells are a little harder to cast,
                  | but a little more powerful. [hidden potential]
   754 | D:2      | Reached skill level 5 in Earth Magic
   932 | D:2      | Quit the game

Illustrated notes

Levels and vault maps discovered:
D:1:      spicycebolla_arrival_ecumenical, layout_loops_ring
D:2:      layout_basic

Skill      XL: |  1  2  3  4  5 |
---------------+----------------+-----
Spellcasting   | 3 4 |  4.2
Earth Magic    | 4 5 |  5.0
Transmutations | 2 |  2.5
Dodging        | |  2.4
Stealth        | |  1.4

Action                     |  1- 3 |  4- 6 || total
---------------------------+-------+-------++-------
  Melee: Unarmed           |       |     4 ||     4
   Cast: Sandblast         |    24 |    23 ||    47
    Use: Scroll            |     3 |       ||     3
         Potion            |     1 |       ||     1
 Armour: Robe              |     1 |     9 ||    10
  Dodge: Dodged            |     5 |    17 ||    22
